 Dungeon Crawl Stone Soup version 0.19.5 (webtiles) character file.

121 Wander the Shooter (level 5, 0/41 HPs)
             Began as a Human Wanderer on Apr 1, 2017.
             Slain by Grinder (4 damage)
             ... while paralysed by Grinder
             ... on level 3 of the Dungeon.
             The game lasted 00:03:39 (1333 turns).

Wander the Shooter (Human Wanderer)                 Turns: 1333, Time: 00:03:40

Health: 0/41       AC:  4    Str: 12    XL:     5   Next: 26%
Magic:  5/5        EV:  2    Int: 12    God:
Gold:   24         SH:  0    Dex: 14    Spells: 0 memorised, 4 levels left

rFire  . . .     SeeInvis .     a - +2 shortbow
rCold  . . .     Gourm    .     f - +0 robe
rNeg   . . .     Faith    .     (shield currently unavailable)
rPois  .         Spirit   .     s - +2 hat
rElec  .         Reflect  .     (no cloak)
rCorr  .         Harm     .     (no gloves)
MR     .....                    (no boots)
Stlth  +.........               (no amulet)
                                (no ring)
                                (no ring)

@: paralysed
A: no striking features
a: no special abilities


You were on level 3 of the Dungeon.
You were not hungry.

You visited 1 branch of the dungeon, and saw 4 of its levels.

You collected 24 gold pieces.

Inventory:

Hand Weapons
 a - a +2 shortbow (weapon)
 c - a +0 hand crossbow
Missiles
 b - 14 arrows (quivered)
 d - 36 bolts
Armour
 f - a +0 robe (worn)
 n - a +0 helmet
 s - a +2 hat (worn)
Jewellery
 i - a cursed amulet of inaccuracy {unknown}
Scrolls
 h - a scroll of magic mapping {unknown}
 k - a scroll of identify {unknown}
 l - a scroll of fear {unknown}
 m - a scroll of enchant weapon {unknown}
 o - 2 scrolls of recharging {unknown}
 q - a scroll of random uselessness {unknown}
 r - 2 scrolls of amnesia {unknown}
 u - a scroll of teleportation {unknown}
Potions
 e - a potion of curing
 j - a potion of heal wounds {unknown}
 p - a potion of lignification {unknown}
 t - a potion of mutation {unknown}
 v - a potion of invisibility {unknown}
Comestibles
 g - 2 bread rations


   Skills:
 - Level 3.0 Fighting
   Level 1.0 Axes
 + Level 4.6 Bows
 - Level 1.0 Throwing
 - Level 3.0 Armour
   Level 1.0 Shields


You had 4 spell levels left.
You didn't know any spells.

Dungeon Overview and Level Annotations

Branches:
Dungeon (4/15)
 Temple: D:4-7

Altars:
Okawaru

Annotations:
D:2 Sigmund
D:3 Grinder, Ijyb, Jessica, Terence
D:4 Dowan, Duvessa


Message History

You suddenly lose the ability to move!
Jessica gestures wildly while chanting.
Jessica blinks!
Grinder blinks!
The bat hits you but does no damage. Ijyb hits you but does no damage.
Terence hits you with a short sword. The hobgoblin hits you.
The bat hits you but does no damage. Ijyb hits you with a dagger.
* * * LOW HITPOINT WARNING * * *
Terence hits you but does no damage. The hobgoblin barely misses you.
Grinder gestures at you. You resist with significant effort.
The bat hits you but does no damage. Ijyb hits you but does no damage.
Terence hits you but does no damage. The hobgoblin hits you.
* * * LOW HITPOINT WARNING * * *
Grinder hits you.
* * * LOW HITPOINT WARNING * * *
The bat hits you but does no damage. Grinder hits you.
* * * LOW HITPOINT WARNING * * *
You writhe in agony.
You die...

..>. .... ..# ..# #.#
################## ##.#
#.................
...####)<...............
......#..(.....g5J..r...
.............@r@@...?...
..###..........g..b..[..
.....##.................
#............(..........
#......##..####.......##
#......##.... ......###
#..........###......#
..>...##..!. #.#..###
......# ...


You could see Grinder, Ijyb, Terence, an ooze, Jessica, a hobgoblin, a bat and 2
rats.

Vanquished Creatures
  Natasha (thrice) (D:2)
  A gnoll (D:1)
  An adder (D:2)
  A leopard gecko (D:1)
  4 goblins
  3 hobgoblins (D:1)
  3 jackals (D:1)
  3 kobolds
  5 bats
  4 rats
28 creatures vanquished.

Notes
Turn   | Place    | Note
-------+----------+-------------------------------------------
     0 | D:1      | Wander the Human Wanderer began the quest for the Orb.
     0 | D:1      | Wander set off with: a +2 shortbow, 28 arrows, a +0 hand crossbow, 22 bolts, a potion of curing, a +0 robe, a bread ration
     0 | D:1      | Reached XP level 1. HP: 18/18 MP: 1/1
   102 | D:1      | Reached skill level 2 in Bows
   102 | D:1      | Reached XP level 2. HP: 24/24 MP: 2/2
   186 | D:1      | Reached XP level 3. HP: 29/29 MP: 3/3
   579 | D:1      | Reached skill level 3 in Bows
   921 | D:2      | Noticed Natasha
   925 | D:2      | Killed Natasha
   925 | D:2      | Reached XP level 4. HP: 23/35 MP: 4/4
  1081 | D:2      | Noticed Natasha
  1091 | D:2      | Killed Natasha
  1091 | D:2      | Reached skill level 4 in Bows
  1097 | D:2      | Noticed Natasha
  1098 | D:2      | Killed Natasha
  1098 | D:2      | Reached XP level 5. HP: 22/41 MP: 5/5
  1269 | D:2      | Found an iron altar of Okawaru.
  1269 | D:2      | Noticed Sigmund
  1282 | D:3      | Noticed Ijyb
  1299 | D:3      | Noticed Jessica
  1300 | D:3      | Noticed Terence
  1326 | D:4      | Noticed Duvessa
  1326 | D:4      | Noticed Dowan
  1326 | D:4      | Noticed Grinder
  1329 | D:3      | Paralysed by Grinder for 5 turns
  1333 | D:3      | Slain by Grinder

Skill      XL: |  1  2  3  4 |
---------------+-------------+-----
Bows           | 2 3 4 |  4.6
Fighting       | |  3.0
Axes           | |  1.0
Throwing       | |  1.0
Armour         | |  3.0
Shields        | |  1.0

Action                   |  1- 3 |  4- 6 || total
-------------------------+-------+-------++-------
 Fire: Shortbow          |    41 |    39 ||    80
  Eat: Chunk             |       |     1 ||     1
Armor: Robe              |     1 |    39 ||    40
Dodge: Dodged            |    13 |    39 ||    52
